Workbook

Sheet Tableau de bord
A1: Tableau de bord — Suivi prospects et clients
A2: Les indicateurs se mettent à jour automatiquement selon le registre des prospects et clients.
A4: Prospects actifs | B4: =COUNTIF('Prospects et clients'!$B$5:$B$500,"Prospect actif") | D4: Relances en retard | E4: =COUNTIF('Prospects et clients'!$T$5:$T$500,"En retard") | G4: Prospects actifs sans responsable | H4: =COUNTIFS('Prospects et clients'!$B$5:$B$500,"Prospect actif",'Prospects et clients'!$Q$5:$Q$500,"")
A5: Clients actifs | B5: =COUNTIF('Prospects et clients'!$B$5:$B$500,"Client actif") | D5: Relances à venir | E5: =COUNTIF('Prospects et clients'!$T$5:$T$500,"À relancer bientôt") | G5: Prospects actifs sans prochaine action | H5: =COUNTIFS('Prospects et clients'!$B$5:$B$500,"Prospect actif",'Prospects et clients'!$R$5:$R$500,"")
A6: Fiches en pause | B6: =COUNTIF('Prospects et clients'!$B$5:$B$500,"En pause") | D6: Relances à planifier | E6: =COUNTIF('Prospects et clients'!$T$5:$T$500,"À planifier") | G6: Prospects actifs sans date de relance | H6: =COUNTIFS('Prospects et clients'!$B$5:$B$500,"Prospect actif",'Prospects et clients'!$M$5:$M$500,"")
A7: Fiches perdues | B7: =COUNTIF('Prospects et clients'!$B$5:$B$500,"Perdu") | D7: Montant potentiel actif | E7: =SUMIFS('Prospects et clients'!$N$5:$N$500,'Prospects et clients'!$B$5:$B$500,"Prospect actif") | G7: Prospects à relancer en retard | H7: =COUNTIF('Prospects et clients'!$T$5:$T$500,"En retard")
A8: Total des fiches | B8: =COUNTA('Prospects et clients'!$A$5:$A$500) | D8: Valeur pondérée active | E8: =SUMIFS('Prospects et clients'!$P$5:$P$500,'Prospects et clients'!$B$5:$B$500,"Prospect actif") | G8: État général des suivis | H8: =IFERROR(IF(SUM($H$4:$H$7)=0,"OK","Action requise"),"Action requise")
A9: Contrôle des totaux | B9: =IFERROR(IF(SUM($B$4:$B$7)=$B$8,"OK","À vérifier"),"À vérifier") | D9: Objectif de valeur pondérée | E9: ='Paramètres'!$B$3 | H9: =""
D10: Progression vers l'objectif | E10: =IFERROR($E$8/$E$9,0) | H10: =""
E11: ="" | H11: =""
E12: ="" | H12: =""
A13: Étape | B13: Nombre de prospects actifs | C13: Montant potentiel | E13: ="" | H13: =""
A14: Nouveau | B14: =COUNTIFS('Prospects et clients'!$B$5:$B$500,"Prospect actif",'Prospects et clients'!$J$5:$J$500,$A14) | C14: =SUMIFS('Prospects et clients'!$N$5:$N$500,'Prospects et clients'!$B$5:$B$500,"Prospect actif",'Prospects et clients'!$J$5:$J$500,$A14) | E14: ="" | H14: =""
A15: Qualifié | B15: =COUNTIFS('Prospects et clients'!$B$5:$B$500,"Prospect actif",'Prospects et clients'!$J$5:$J$500,$A15) | C15: =SUMIFS('Prospects et clients'!$N$5:$N$500,'Prospects et clients'!$B$5:$B$500,"Prospect actif",'Prospects et clients'!$J$5:$J$500,$A15) | E15: ="" | H15: =""
A16: Rencontre planifiée | B16: =COUNTIFS('Prospects et clients'!$B$5:$B$500,"Prospect actif",'Prospects et clients'!$J$5:$J$500,$A16) | C16: =SUMIFS('Prospects et clients'!$N$5:$N$500,'Prospects et clients'!$B$5:$B$500,"Prospect actif",'Prospects et clients'!$J$5:$J$500,$A16) | E16: ="" | H16: =""
A17: Proposition envoyée | B17: =COUNTIFS('Prospects et clients'!$B$5:$B$500,"Prospect actif",'Prospects et clients'!$J$5:$J$500,$A17) | C17: =SUMIFS('Prospects et clients'!$N$5:$N$500,'Prospects et clients'!$B$5:$B$500,"Prospect actif",'Prospects et clients'!$J$5:$J$500,$A17) | E17: ="" | H17: =""
A18: Négociation | B18: =COUNTIFS('Prospects et clients'!$B$5:$B$500,"Prospect actif",'Prospects et clients'!$J$5:$J$500,$A18) | C18: =SUMIFS('Prospects et clients'!$N$5:$N$500,'Prospects et clients'!$B$5:$B$500,"Prospect actif",'Prospects et clients'!$J$5:$J$500,$A18) | E18: ="" | H18: =""
B19: ="" | C19: ="" | E19: ="" | H19: =""
B20: ="" | C20: ="" | E20: ="" | H20: =""
B21: ="" | C21: ="" | E21: ="" | H21: =""
B22: ="" | C22: ="" | E22: ="" | H22: =""
B23: ="" | C23: ="" | E23: ="" | H23: =""
B24: ="" | C24: ="" | E24: ="" | H24: =""
B25: ="" | C25: ="" | E25: ="" | H25: =""
B26: ="" | C26: ="" | E26: ="" | H26: =""
B27: ="" | C27: ="" | E27: ="" | H27: =""
B28: ="" | C28: ="" | E28: ="" | H28: =""
B29: ="" | C29: ="" | E29: ="" | H29: =""
B30: ="" | C30: ="" | E30: ="" | H30: =""
... B101: ="" | C101: ="" | E101: ="" | H101: =""

Sheet Prospects et clients
A1: Registre des prospects et clients
A2: Saisir ou mettre à jour une ligne par organisation ou client. Les colonnes grisées sont calculées automatiquement.
A4: ID fiche | B4: Statut | C4: Organisation ou client | D4: Contact principal | E4: Fonction | F4: Courriel | G4: Téléphone | H4: Source | I4: Secteur | J4: Étape | K4: Date d'entrée | L4: Date dernier contact | M4: Date de relance | N4: Montant potentiel | O4: Probabilité de conversion | P4: Valeur pondérée | Q4: Responsable | R4: Prochaine action | S4: Jours depuis contact | T4: État relance | U4: Notes
A5: P-2026-001 | B5: Prospect actif | C5: Nordik Gestion inc. | D5: Caroline Tremblay | E5: Directrice générale | F5: caroline.tremblay@nordikgestion.example | G5: 4185550142 | H5: Référence | I5: Services professionnels | J5: Qualifié | K5: 46226 | L5: 46249 | M5: 46258 | N5: 18000 | O5: 0.35 | P5: =IFERROR(IF(AND($B5="Prospect actif",$N5<>"",$O5<>""),$N5*$O5,""),"") | Q5: Marie-Claude Gagnon | R5: Appeler pour confirmer les besoins en formation. | S5: =IFERROR(IF($L5="","",MAX(0,TODAY()-$L5)),"") | T5: =IFERROR(IF(OR($B5="Client actif",$B5="En pause",$B5="Perdu"),"Sans suivi",IF($M5="","À planifier",IF($M5<TODAY(),"En retard",IF($M5<=TODAY()+'Paramètres'!$B$4,"À relancer bientôt","Planifiée")))),"")
A6: P-2026-002 | B6: Prospect actif | C6: Atelier Mécanique Lavoie | D6: Marc-André Lavoie | E6: Propriétaire | F6: marcandre.lavoie@atelierlavoie.example | G6: 4505550186 | H6: Site Web | I6: Construction | J6: Nouveau | K6: 46233 | L6: 46253 | M6: 46263 | N6: 7500 | O6: 0.2 | P6: =IFERROR(IF(AND($B6="Prospect actif",$N6<>"",$O6<>""),$N6*$O6,""),"") | Q6: Alexandre Bouchard | R6: Envoyer une présentation des services. | S6: =IFERROR(IF($L6="","",MAX(0,TODAY()-$L6)),"") | T6: =IFERROR(IF(OR($B6="Client actif",$B6="En pause",$B6="Perdu"),"Sans suivi",IF($M6="","À planifier",IF($M6<TODAY(),"En retard",IF($M6<=TODAY()+'Paramètres'!$B$4,"À relancer bientôt","Planifiée")))),"")
A7: P-2026-003 | B7: Prospect actif | C7: Bistro du Vieux-Port | D7: Émilie Côté | E7: Copropriétaire | F7: emilie.cote@bistrovieuxport.example | G7: 5145550128 | H7: Réseaux sociaux | I7: Restauration | J7: Rencontre planifiée | K7: 46239 | L7: 46257 | M7: 46266 | N7: 12000 | O7: 0.5 | P7: =IFERROR(IF(AND($B7="Prospect actif",$N7<>"",$O7<>""),$N7*$O7,""),"") | Q7: Sophie Roy | R7: Préparer la proposition pour la rencontre. | S7: =IFERROR(IF($L7="","",MAX(0,TODAY()-$L7)),"") | T7: =IFERROR(IF(OR($B7="Client actif",$B7="En pause",$B7="Perdu"),"Sans suivi",IF($M7="","À planifier",IF($M7<TODAY(),"En retard",IF($M7<=TODAY()+'Paramètres'!$B$4,"À relancer bientôt","Planifiée")))),"")
A8: P-2026-004 | B8: Prospect actif | C8: Gestion Boréale inc. | D8: Vincent Gagné | E8: Vice-président opérations | F8: vincent.gagne@gestionboreale.example | G8: 4185550179 | H8: Événement | I8: Services professionnels | J8: Proposition envoyée | K8: 46219 | L8: 46251 | M8: 46275 | N8: 25000 | O8: 0.6 | P8: =IFERROR(IF(AND($B8="Prospect actif",$N8<>"",$O8<>""),$N8*$O8,""),"") | Q8: Marie-Claude Gagnon | R8: Faire le suivi de la proposition transmise. | S8: =IFERROR(IF($L8="","",MAX(0,TODAY()-$L8)),"") | T8: =IFERROR(IF(OR($B8="Client actif",$B8="En pause",$B8="Perdu"),"Sans suivi",IF($M8="","À planifier",IF($M8<TODAY(),"En retard",IF($M8<=TODAY()+'Paramètres'!$B$4,"À relancer bientôt","Planifiée")))),"")
A9: P-2026-005 | B9: Prospect actif | C9: Coopérative Horizon Vert | D9: Nadine Pelletier | E9: Coordonnatrice | F9: nadine.pelletier@horizonvert.example | G9: 8195550194 | H9: Appel sortant | I9: Organisme | J9: Négociation | K9: 46230 | L9: 46259 | N9: 9000 | O9: 0.4 | P9: =IFERROR(IF(AND($B9="Prospect actif",$N9<>"",$O9<>""),$N9*$O9,""),"") | Q9: Alexandre Bouchard | R9: Valider le budget disponible pour le printemps. | S9: =IFERROR(IF($L9="","",MAX(0,TODAY()-$L9)),"") | T9: =IFERROR(IF(OR($B9="Client actif",$B9="En pause",$B9="Perdu"),"Sans suivi",IF($M9="","À planifier",IF($M9<TODAY(),"En retard",IF($M9<=TODAY()+'Paramètres'!$B$4,"À relancer bientôt","Planifiée")))),"")
A10: P-2026-006 | B10: En pause | C10: ÉcoPlan Solutions | D10: David Morin | E10: Président | F10: david.morin@ecoplansolutions.example | G10: 5145550165 | H10: Site Web | I10: Technologie | J10: Qualifié | K10: 46223 | L10: 46243 | N10: 15000 | O10: 0.25 | P10: =IFERROR(IF(AND($B10="Prospect actif",$N10<>"",$O10<>""),$N10*$O10,""),"") | Q10: Sophie Roy | R10: Reprendre contact au prochain trimestre. | S10: =IFERROR(IF($L10="","",MAX(0,TODAY()-$L10)),"") | T10: =IFERROR(IF(OR($B10="Client actif",$B10="En pause",$B10="Perdu"),"Sans suivi",IF($M10="","À planifier",IF($M10<TODAY(),"En retard",IF($M10<=TODAY()+'Paramètres'!$B$4,"À relancer bientôt","Planifiée")))),"")
A11: P-2026-007 | B11: Perdu | C11: Boutique Les Trois Pins | D11: Chantal Bérubé | E11: Propriétaire | F11: chantal.berube@troispins.example | G11: 5815550137 | H11: Référence | I11: Commerce de détail | J11: Sans objet | K11: 46211 | L11: 46236 | N11: 6500 | O11: 0.15 | P11: =IFERROR(IF(AND($B11="Prospect actif",$N11<>"",$O11<>""),$N11*$O11,""),"") | Q11: Marie-Claude Gagnon | R11: Aucune action prévue. | S11: =IFERROR(IF($L11="","",MAX(0,TODAY()-$L11)),"") | T11: =IFERROR(IF(OR($B11="Client actif",$B11="En pause",$B11="Perdu"),"Sans suivi",IF($M11="","À planifier",IF($M11<TODAY(),"En retard",IF($M11<=TODAY()+'Paramètres'!$B$4,"À relancer bientôt","Planifiée")))),"")
A12: C-2026-001 | B12: Client actif | C12: Clinique Santé Laval | D12: Dre Julie Fortin | E12: Médecin propriétaire | F12: julie.fortin@cliniquesantelaval.example | G12: 4505550113 | H12: Client existant | I12: Services professionnels | J12: Sans objet | K12: 45861 | L12: 46252 | P12: =IFERROR(IF(AND($B12="Prospect actif",$N12<>"",$O12<>""),$N12*$O12,""),"") | Q12: Marie-Claude Gagnon | R12: Planifier la rencontre de suivi trimestrielle. | S12: =IFERROR(IF($L12="","",MAX(0,TODAY()-$L12)),"") | T12: =IFERROR(IF(OR($B12="Client actif",$B12="En pause",$B12="Perdu"),"Sans suivi",IF($M12="","À planifier",IF($M12<TODAY(),"En retard",IF($M12<=TODAY()+'Paramètres'!$B$4,"À relancer bientôt","Planifiée")))),"")
A13: C-2026-002 | B13: Client actif | C13: Construction Beaulieu et Fils | D13: Simon Beaulieu | E13: Directeur | F13: simon.beaulieu@beaulieufils.example | G13: 4185550151 | H13: Référence | I13: Construction | J13: Sans objet | K13: 46011 | L13: 46255 | P13: =IFERROR(IF(AND($B13="Prospect actif",$N13<>"",$O13<>""),$N13*$O13,""),"") | Q13: Alexandre Bouchard | R13: Envoyer le bilan mensuel. | S13: =IFERROR(IF($L13="","",MAX(0,TODAY()-$L13)),"") | T13: =IFERROR(IF(OR($B13="Client actif",$B13="En pause",$B13="Perdu"),"Sans suivi",IF($M13="","À planifier",IF($M13<TODAY(),"En retard",IF($M13<=TODAY()+'Paramètres'!$B$4,"À relancer bientôt","Planifiée")))),"")
A14: C-2026-003 | B14: Client actif | C14: Studio Pixel Québec | D14: Léa Nguyen | E14: Directrice créative | F14: lea.nguyen@studiopixelquebec.example | G14: 5815550106 | H14: Réseaux sociaux | I14: Technologie | J14: Sans objet | K14: 46081 | L14: 46258 | P14: =IFERROR(IF(AND($B14="Prospect actif",$N14<>"",$O14<>""),$N14*$O14,""),"") | Q14: Sophie Roy | R14: Confirmer les priorités du prochain mandat. | S14: =IFERROR(IF($L14="","",MAX(0,TODAY()-$L14)),"") | T14: =IFERROR(IF(OR($B14="Client actif",$B14="En pause",$B14="Perdu"),"Sans suivi",IF($M14="","À planifier",IF($M14<TODAY(),"En retard",IF($M14<=TODAY()+'Paramètres'!$B$4,"À relancer bientôt","Planifiée")))),"")
P15: =IFERROR(IF(AND($B15="Prospect actif",$N15<>"",$O15<>""),$N15*$O15,""),"") | S15: =IFERROR(IF($L15="","",MAX(0,TODAY()-$L15)),"") | T15: =IFERROR(IF(OR($B15="Client actif",$B15="En pause",$B15="Perdu"),"Sans suivi",IF($M15="","À planifier",IF($M15<TODAY(),"En retard",IF($M15<=TODAY()+'Paramètres'!$B$4,"À relancer bientôt","Planifiée")))),"")
P16: =IFERROR(IF(AND($B16="Prospect actif",$N16<>"",$O16<>""),$N16*$O16,""),"") | S16: =IFERROR(IF($L16="","",MAX(0,TODAY()-$L16)),"") | T16: =IFERROR(IF(OR($B16="Client actif",$B16="En pause",$B16="Perdu"),"Sans suivi",IF($M16="","À planifier",IF($M16<TODAY(),"En retard",IF($M16<=TODAY()+'Paramètres'!$B$4,"À relancer bientôt","Planifiée")))),"")
P17: =IFERROR(IF(AND($B17="Prospect actif",$N17<>"",$O17<>""),$N17*$O17,""),"") | S17: =IFERROR(IF($L17="","",MAX(0,TODAY()-$L17)),"") | T17: =IFERROR(IF(OR($B17="Client actif",$B17="En pause",$B17="Perdu"),"Sans suivi",IF($M17="","À planifier",IF($M17<TODAY(),"En retard",IF($M17<=TODAY()+'Paramètres'!$B$4,"À relancer bientôt","Planifiée")))),"")
P18: =IFERROR(IF(AND($B18="Prospect actif",$N18<>"",$O18<>""),$N18*$O18,""),"") | S18: =IFERROR(IF($L18="","",MAX(0,TODAY()-$L18)),"") | T18: =IFERROR(IF(OR($B18="Client actif",$B18="En pause",$B18="Perdu"),"Sans suivi",IF($M18="","À planifier",IF($M18<TODAY(),"En retard",IF($M18<=TODAY()+'Paramètres'!$B$4,"À relancer bientôt","Planifiée")))),"")
P19: =IFERROR(IF(AND($B19="Prospect actif",$N19<>"",$O19<>""),$N19*$O19,""),"") | S19: =IFERROR(IF($L19="","",MAX(0,TODAY()-$L19)),"") | T19: =IFERROR(IF(OR($B19="Client actif",$B19="En pause",$B19="Perdu"),"Sans suivi",IF($M19="","À planifier",IF($M19<TODAY(),"En retard",IF($M19<=TODAY()+'Paramètres'!$B$4,"À relancer bientôt","Planifiée")))),"")
P20: =IFERROR(IF(AND($B20="Prospect actif",$N20<>"",$O20<>""),$N20*$O20,""),"") | S20: =IFERROR(IF($L20="","",MAX(0,TODAY()-$L20)),"") | T20: =IFERROR(IF(OR($B20="Client actif",$B20="En pause",$B20="Perdu"),"Sans suivi",IF($M20="","À planifier",IF($M20<TODAY(),"En retard",IF($M20<=TODAY()+'Paramètres'!$B$4,"À relancer bientôt","Planifiée")))),"")
P21: =IFERROR(IF(AND($B21="Prospect actif",$N21<>"",$O21<>""),$N21*$O21,""),"") | S21: =IFERROR(IF($L21="","",MAX(0,TODAY()-$L21)),"") | T21: =IFERROR(IF(OR($B21="Client actif",$B21="En pause",$B21="Perdu"),"Sans suivi",IF($M21="","À planifier",IF($M21<TODAY(),"En retard",IF($M21<=TODAY()+'Paramètres'!$B$4,"À relancer bientôt","Planifiée")))),"")
P22: =IFERROR(IF(AND($B22="Prospect actif",$N22<>"",$O22<>""),$N22*$O22,""),"") | S22: =IFERROR(IF($L22="","",MAX(0,TODAY()-$L22)),"") | T22: =IFERROR(IF(OR($B22="Client actif",$B22="En pause",$B22="Perdu"),"Sans suivi",IF($M22="","À planifier",IF($M22<TODAY(),"En retard",IF($M22<=TODAY()+'Paramètres'!$B$4,"À relancer bientôt","Planifiée")))),"")
P23: =IFERROR(IF(AND($B23="Prospect actif",$N23<>"",$O23<>""),$N23*$O23,""),"") | S23: =IFERROR(IF($L23="","",MAX(0,TODAY()-$L23)),"") | T23: =IFERROR(IF(OR($B23="Client actif",$B23="En pause",$B23="Perdu"),"Sans suivi",IF($M23="","À planifier",IF($M23<TODAY(),"En retard",IF($M23<=TODAY()+'Paramètres'!$B$4,"À relancer bientôt","Planifiée")))),"")
P24: =IFERROR(IF(AND($B24="Prospect actif",$N24<>"",$O24<>""),$N24*$O24,""),"") | S24: =IFERROR(IF($L24="","",MAX(0,TODAY()-$L24)),"") | T24: =IFERROR(IF(OR($B24="Client actif",$B24="En pause",$B24="Perdu"),"Sans suivi",IF($M24="","À planifier",IF($M24<TODAY(),"En retard",IF($M24<=TODAY()+'Paramètres'!$B$4,"À relancer bientôt","Planifiée")))),"")
P25: =IFERROR(IF(AND($B25="Prospect actif",$N25<>"",$O25<>""),$N25*$O25,""),"") | S25: =IFERROR(IF($L25="","",MAX(0,TODAY()-$L25)),"") | T25: =IFERROR(IF(OR($B25="Client actif",$B25="En pause",$B25="Perdu"),"Sans suivi",IF($M25="","À planifier",IF($M25<TODAY(),"En retard",IF($M25<=TODAY()+'Paramètres'!$B$4,"À relancer bientôt","Planifiée")))),"")
P26: =IFERROR(IF(AND($B26="Prospect actif",$N26<>"",$O26<>""),$N26*$O26,""),"") | S26: =IFERROR(IF($L26="","",MAX(0,TODAY()-$L26)),"") | T26: =IFERROR(IF(OR($B26="Client actif",$B26="En pause",$B26="Perdu"),"Sans suivi",IF($M26="","À planifier",IF($M26<TODAY(),"En retard",IF($M26<=TODAY()+'Paramètres'!$B$4,"À relancer bientôt","Planifiée")))),"")
... P500: =IFERROR(IF(AND($B500="Prospect actif",$N500<>"",$O500<>""),$N500*$O500,""),"") | S500: =IFERROR(IF($L500="","",MAX(0,TODAY()-$L500)),"") | T500: =IFERROR(IF(OR($B500="Client actif",$B500="En pause",$B500="Perdu"),"Sans suivi",IF($M500="","À planifier",IF($M500<TODAY(),"En retard",IF($M500<=TODAY()+'Paramètres'!$B$4,"À relancer bientôt","Planifiée")))),"")

Sheet Paramètres
A1: Paramètres et listes de sélection
A3: Objectif de valeur pondérée annuelle | B3: 100000 | C3: Objectif interne de ventes pondérées à atteindre. | D3: Statuts | F3: Étapes | H3: Sources | J3: Secteurs | L3: Responsables
A4: Jours avant une relance à venir | B4: 7 | C4: Nombre de jours utilisé pour identifier les relances à venir. | D4: Prospect actif | F4: Nouveau | H4: Référence | J4: Services professionnels | L4: Marie-Claude Gagnon
A5: Date de mise à jour suggérée | B5: 46261 | C5: Date informative pouvant être mise à jour manuellement. | D5: Client actif | F5: Qualifié | H5: Site Web | J5: Commerce de détail | L5: Alexandre Bouchard
D6: En pause | F6: Rencontre planifiée | H6: Réseaux sociaux | J6: Construction | L6: Sophie Roy
D7: Perdu | F7: Proposition envoyée | H7: Événement | J7: Technologie | L7: Non assigné
A8: Les listes et paramètres de cette feuille alimentent les validations de données et les alertes du classeur. Modifier les valeurs avec prudence afin de conserver des données cohérentes. | F8: Négociation | H8: Appel sortant | J8: Restauration
F9: Gagné | H9: Client existant | J9: Organisme
F10: Sans objet | H10: Autre | J10: Autre
